 Dungeon Crawl Stone Soup version 0.17.1-2-g5865329 (webtiles) character file.

91 NobbyNobbs the Skirmisher (level 4, 0/29 HPs)
             Began as a Gargoyle Fighter on Feb 1, 2016.
             Slain by an orc
             ... wielding a +0 war axe
              (7 damage)
             ... on level 3 of the Dungeon.
             The game lasted 00:02:00 (1550 turns).

NobbyNobbs the Skirmisher (Gargoyle Fighter)        Turns: 1550, Time: 00:02:01

Health: 0/29       AC: 11    Str: 20    XL:     4   Next: 57%
Magic:  4/4        EV:  7    Int:  9    God:
Gold:   68         SH:  9    Dex:  9    Spells: 0 memorised, 3 levels left

rFire  . . .     SeeInvis .     a - +0 flail
rCold  . . .     Clarity  .     b - +0 scale mail
rNeg   + . .     SustAt   .     c - +0 shield
rPois  ∞         Gourm    .     m - +0 helmet
rElec  +         Spirit   .     (no cloak)
rCorr  .         Warding  .     (no gloves)
rMut   .         Stasis   .     (no boots)
MR     .....                    (no amulet)
Stlth  ..........               (no ring)
                                (no ring)

@: not resistant to hostile enchantments, extremely unstealthy
A: negative energy resistance 1, electricity resistance, unbreathing,
petrification resistance, rot immunity, AC +3
a: no special abilities


You were on level 3 of the Dungeon.
You were not hungry.

You visited 1 branch of the dungeon, and saw 3 of its levels.

You collected 68 gold pieces.

Inventory:

Hand Weapons
 a - a +0 flail (weapon)
Armour
 b - a +0 scale mail (worn)
 c - a +0 shield (worn)
 m - a +0 helmet (worn)
Scrolls
 g - 2 scrolls of teleportation
 j - 2 scrolls of remove curse {unknown}
 k - a scroll of immolation {unknown}
 l - a scroll of recharging {unknown}
 q - a scroll of noise {unknown}
Potions
 d - 2 potions of might
 i - a potion of curing
 n - a potion of brilliance {unknown}
Comestibles
 e - a bread ration
 h - a beef jerky
 p - a meat ration


   Skills:
 + Level 4.0 Fighting
 + Level 2.7 Maces & Flails
 + Level 3.9 Armour
 + Level 0.8 Dodging
 + Level 3.9 Shields


You had 3 spell levels left.
You didn't know any spells.

Dungeon Overview and Level Annotations

Branches:
Dungeon (3/15)

Altars:


Innate Abilities, Weirdness & Mutations

You are resistant to torment.
Your stone body is resilient (AC +3).
You are immune to poison.
You resist negative energy.
You are resistant to electric shocks.
You can survive without breathing.
You are immune to petrification.
You are immune to rotting.


Message History

You block the goblin's attack. The orc hits you with a war axe.
The kobold barely misses you.
The orc wizard gestures at you while chanting.
The magic dart hits you! The hobgoblin hits you.
You closely miss the orc wizard.
The orc wizard is heavily wounded.
The goblin hits you but does no damage. The orc hits you with a war axe.
* * * LOW HITPOINT WARNING * * *
The kobold barely misses you. You block the orc wizard's attack.
The hobgoblin barely misses you. You block the goblin's attack.
You are too injured to fight recklessly!
You are too injured to fight recklessly!
You closely miss the orc wizard.
The orc wizard is heavily wounded.
The kobold hits you but does no damage. The orc hits you but does no damage.
The orc wizard hits you but does no damage.
You block the hobgoblin's attack. The goblin closely misses you.
You block the kobold's attack. You block the orc wizard's attack.
The orc hits you with a war axe!
You die...

#...........
...#...... .
#..)..... ..
#....... .. # #
#......#.#.#
#.#. ...........
#....##....#...#
..#...goo......#
......g@Ko......
........#.#..#..
......#......#
.............#
.######.#....#
#.#<...#
#.#...$# #.#
#.##


You could see an orc wizard, 2 orcs, a hobgoblin, a goblin and a kobold.

Vanquished Creatures
  6 adders (D:2)
  A worm (D:2)
  5 goblins
  5 hobgoblins
  4 jackals (D:2)
  4 quokkas (D:2)
  A bat (D:1)
  6 giant cockroaches
  2 kobolds (D:2)
34 creatures vanquished.

Notes
Turn   | Place    | Note
--------------------------------------------------------------
     0 | D:1      | NobbyNobbs the Gargoyle Fighter began the quest for the Orb.
     0 | D:1      | Reached XP level 1. HP: 14/14 MP: 1/1
   376 | D:1      | Reached XP level 2. HP: 19/19 MP: 2/2
   755 | D:2      | Reached XP level 3. HP: 23/23 MP: 3/3
  1009 | D:2      | Reached skill level 4 in Fighting
  1009 | D:2      | Reached XP level 4. HP: 24/29 MP: 4/4
  1550 | D:3      | Slain by an orc

Action                   |  1- 3 |  4- 6 || total
-------------------------+-------+-------++-------
Melee: Flail             |   104 |    76 ||   180
  Use: Scroll            |       |     2 ||     2
  Eat: Chunk             |       |     2 ||     2
